[ AOE2 MATCH · #505131732 ]
UnrankedTatars vs Vikings
Player's team · WIN
Rival team · LOSS
[ REPLAY ANALYSIS · EXTRACTED FROM THE RECORDED GAME ]
Feudal
8:26
Castle
25:29
Imperial
—
| APM avg | 74.4 |
| APM peak | 108 |
| eAPM avg | 26.8 |
| Villagers / military | 108 / 57 |
Focus
⚔️ 29.9% · 🌾 70.1%
Archer ×43 · Scout Cavalry ×9 · Mangonel ×5
Feudal
8:51
Castle
26:14
Imperial
—
| APM avg | 112.6 |
| APM peak | 227 |
| eAPM avg | 64.7 |
| Villagers / military | 101 / 110 |
Focus
⚔️ 74.2% · 🌾 25.8%
Skirmisher ×73 · Spearman ×20 · Archer ×10 · Militia ×4 · Knight ×3
Match map
Initial resources + every placement click. Lines = walls · curves = elevation contours. ◆ gold · ⬟ stone · ● berries · ✦ relic · ◌ wall gap
Your base· ✓ Closed at 25:29 · 51t walls · 1 gate(s)
[GT]YellowJacket's base· Open — 2t gap
Smoothed initial terrain · ◌ = detected wall gap · hover for details
Inputs per minute
— _TieuQuy - - [GT]YellowJacket
Build order — _TieuQuy
First 150 of 232 actions detected
| 0:00 | Queue | Villager (Male) |
| 0:01 | Queue | Villager (Male) |
| 0:02 | Build | House |
| 0:02 | Build | House |
| 0:08 | Queue | Villager (Male) |
| 0:12 | Queue | Villager (Male) |
| 0:12 | Queue | Villager (Male) |
| 1:27 | Queue | Villager (Male) |
| 1:27 | Queue | Villager (Male) |
| 1:48 | Queue | Villager (Male) |
| 2:00 | Build | Lumber Camp |
| 2:24 | Queue | Villager (Male) |
| 2:43 | Queue | Villager (Male) |
| 2:43 | Queue | Villager (Male) |
| 3:10 | Queue | Villager (Male) |
| 3:10 | Queue | Villager (Male) |
| 3:34 | Queue | Villager (Male) |
| 3:34 | Queue | Villager (Male) |
| 3:51 | Build | House |
| 3:54 | Build | House |
| 3:57 | Queue | Villager (Male) |
| 4:17 | Queue | Villager (Male) |
| 4:41 | Queue | Villager (Male) |
| 5:08 | Build | Mining Camp |
| 5:16 | Queue | Villager (Male) |
| 5:34 | Research | Loom |
| 6:14 | Research | Feudal Age |
| 6:37 | Build | House |
| 6:56 | Queue | Villager (Male) |
| 7:20 | Build | Barracks |
| 8:26 | Age | Feudal Age |
| 8:27 | Build | Archery Range |
| 8:29 | Research | Double-Bit Axe |
| 8:29 | Research | Double-Bit Axe |
| 8:35 | Queue | Villager (Male) |
| 8:48 | Build | House |
| 9:07 | Queue | Villager (Male) |
| 9:07 | Queue | Archer |
| 9:13 | Build | Palisade Wall |
| 9:24 | Build | Palisade Wall |
| 9:28 | Queue | Archer |
| 9:32 | Build | Blacksmith |
| 9:37 | Build | Palisade Wall |
| 9:38 | Build | Palisade Wall |
| 9:39 | Build | Palisade Wall |
| 9:40 | Queue | Villager (Male) |
| 9:48 | Queue | Archer |
| 10:01 | Queue | Villager (Male) |
| 10:05 | Build | Palisade Wall |
| 10:10 | Queue | Archer |
| 10:13 | Build | House |
| 10:16 | Build | House |
| 10:29 | Queue | Villager (Male) |
| 10:44 | Build | Mill |
| 10:57 | Queue | Archer |
| 11:04 | Queue | Villager (Male) |
| 11:14 | Queue | Villager (Male) |
| 11:33 | Build | Palisade Wall |
| 11:47 | Build | House |
| 12:06 | Queue | Villager (Male) |
| 12:12 | Queue | Archer |
| 12:20 | Research | Fletching |
| 12:20 | Research | Fletching |
| 12:21 | Queue | Villager (Male) |
| 12:29 | Build | Palisade Wall |
| 12:37 | Queue | Archer |
| 12:43 | Build | Palisade Gate |
| 12:44 | Build | Palisade Wall |
| 13:00 | Queue | Villager (Male) |
| 13:01 | Queue | Villager (Male) |
| 13:16 | Queue | Villager (Male) |
| 13:18 | Queue | Archer |
| 13:36 | Queue | Villager (Male) |
| 13:40 | Queue | Villager (Male) |
| 13:44 | Build | Stable |
| 13:47 | Build | Farm |
| 13:53 | Queue | Archer |
| 13:56 | Build | Farm |
| 14:06 | Build | House |
| 14:10 | Build | Palisade Wall |
| 14:25 | Build | Palisade Wall |
| 14:29 | Queue | Villager (Male) |
| 14:38 | Queue | Archer |
| 14:38 | Queue | Archer |
| 14:47 | Build | Farm |
| 14:48 | Queue | Scout Cavalry |
| 14:48 | Queue | Scout Cavalry |
| 14:53 | Build | Palisade Wall |
| 14:59 | Queue | Villager (Male) |
| 15:00 | Build | Farm |
| 15:09 | Queue | Archer |
| 15:11 | Queue | Scout Cavalry |
| 15:12 | Queue | Villager (Male) |
| 15:20 | Build | House |
| 15:26 | Build | Palisade Wall |
| 15:34 | Queue | Archer |
| 15:36 | Build | Farm |
| 15:42 | Queue | Scout Cavalry |
| 15:49 | Build | Farm |
| 15:55 | Queue | Archer |
| 16:12 | Queue | Scout Cavalry |
| 16:23 | Build | Farm |
| 16:34 | Queue | Villager (Male) |
| 16:35 | Build | Farm |
| 16:35 | Build | Farm |
| 16:47 | Queue | Scout Cavalry |
| 16:59 | Queue | Archer |
| 17:01 | Queue | Villager (Male) |
| 17:02 | Build | Farm |
| 17:03 | Build | Farm |
| 17:10 | Queue | Archer |
| 17:17 | Build | House |
| 17:23 | Queue | Villager (Male) |
| 17:27 | Queue | Villager (Male) |
| 17:53 | Queue | Scout Cavalry |
| 17:55 | Queue | Archer |
| 17:55 | Queue | Archer |
| 17:57 | Queue | Villager (Male) |
| 17:58 | Build | Farm |
| 17:59 | Build | Farm |
| 18:19 | Queue | Villager (Male) |
| 18:32 | Queue | Villager (Male) |
| 18:37 | Build | Watch Tower |
| 18:40 | Build | Lumber Camp |
| 18:47 | Queue | Scout Cavalry |
| 18:51 | Queue | Villager (Male) |
| 18:53 | Build | House |
| 19:08 | Queue | Archer |
| 19:54 | Queue | Scout Cavalry |
| 19:56 | Queue | Archer |
| 19:56 | Queue | Villager (Male) |
| 19:57 | Build | Farm |
| 19:58 | Build | Farm |
| 20:06 | Queue | Archer |
| 20:23 | Queue | Villager (Male) |
| 20:24 | Build | Mining Camp |
| 20:31 | Build | Palisade Wall |
| 20:32 | Build | Palisade Wall |
| 20:32 | Build | Palisade Wall |
| 20:33 | Build | Palisade Wall |
| 20:37 | Queue | Villager (Male) |
| 20:38 | Build | Farm |
| 21:01 | Queue | Villager (Male) |
| 21:03 | Build | Farm |
| 21:14 | Queue | Villager (Male) |
| 21:18 | Build | Market |
| 21:29 | Build | Farm |
| 21:44 | Queue | Villager (Male) |
| 22:01 | Build | House |
| 22:21 | Build | Watch Tower |
Build order — [GT]YellowJacket
First 150 of 329 actions detected
| 0:00 | Queue | Villager (Male) |
| 0:01 | Build | House |
| 0:02 | Queue | Villager (Male) |
| 0:02 | Build | House |
| 0:02 | Queue | Villager (Male) |
| 0:13 | Queue | Villager (Male) |
| 1:28 | Queue | Villager (Male) |
| 1:28 | Queue | Villager (Male) |
| 1:28 | Queue | Villager (Male) |
| 1:44 | Build | Lumber Camp |
| 1:59 | Queue | Villager (Male) |
| 2:18 | Queue | Villager (Male) |
| 2:18 | Queue | Villager (Male) |
| 2:48 | Queue | Villager (Male) |
| 2:48 | Queue | Villager (Male) |
| 3:10 | Build | House |
| 3:17 | Queue | Villager (Male) |
| 3:17 | Queue | Villager (Male) |
| 3:17 | Queue | Villager (Male) |
| 3:30 | Queue | Villager (Male) |
| 3:30 | Queue | Villager (Male) |
| 3:57 | Queue | Villager (Male) |
| 3:58 | Queue | Villager (Male) |
| 4:25 | Queue | Villager (Male) |
| 4:25 | Queue | Villager (Male) |
| 5:08 | Build | Barracks |
| 5:16 | Queue | Villager (Male) |
| 5:16 | Queue | Villager (Male) |
| 5:16 | Queue | Villager (Male) |
| 5:38 | Research | Loom |
| 5:47 | Build | House |
| 6:41 | Research | Feudal Age |
| 6:41 | Research | Feudal Age |
| 6:45 | Build | Mining Camp |
| 7:16 | Queue | Militia |
| 7:16 | Queue | Militia |
| 7:16 | Queue | Militia |
| 7:33 | Build | House |
| 7:34 | Build | Palisade Wall |
| 8:00 | Queue | Militia |
| 8:28 | Queue | Villager (Male) |
| 8:49 | Queue | Villager (Male) |
| 8:51 | Age | Feudal Age |
| 8:52 | Build | Mill |
| 8:55 | Build | Archery Range |
| 9:20 | Queue | Villager (Male) |
| 9:29 | Research | Man-at-Arms (upgrade) |
| 9:30 | Research | Man-at-Arms (upgrade) |
| 9:48 | Queue | Villager (Male) |
| 9:48 | Queue | Villager (Male) |
| 9:49 | Queue | Villager (Male) |
| 9:52 | Build | House |
| 9:57 | Queue | Archer |
| 10:32 | Queue | Villager (Male) |
| 10:32 | Queue | Villager (Male) |
| 10:34 | Build | Farm |
| 10:34 | Build | Farm |
| 10:35 | Queue | Archer |
| 10:39 | Build | House |
| 11:06 | Queue | Villager (Male) |
| 11:06 | Queue | Villager (Male) |
| 11:07 | Queue | Villager (Male) |
| 11:23 | Queue | Skirmisher |
| 11:25 | Queue | Villager (Male) |
| 11:27 | Build | Blacksmith |
| 11:36 | Build | House |
| 11:41 | Build | House |
| 11:42 | Build | Palisade Wall |
| 11:46 | Research | Double-Bit Axe |
| 11:46 | Research | Double-Bit Axe |
| 11:47 | Research | Double-Bit Axe |
| 11:51 | Queue | Villager (Male) |
| 11:52 | Queue | Villager (Male) |
| 11:54 | Queue | Archer |
| 12:09 | Queue | Skirmisher |
| 12:14 | Queue | Archer |
| 12:34 | Queue | Villager (Male) |
| 12:36 | Build | Farm |
| 13:02 | Queue | Villager (Male) |
| 13:21 | Build | Farm |
| 13:22 | Build | Farm |
| 13:23 | Build | Farm |
| 13:23 | Build | Farm |
| 13:41 | Queue | Villager (Male) |
| 13:42 | Queue | Skirmisher |
| 13:44 | Build | Farm |
| 13:56 | Queue | Skirmisher |
| 14:01 | Build | Farm |
| 14:02 | Queue | Villager (Male) |
| 14:14 | Queue | Skirmisher |
| 14:22 | Queue | Villager (Male) |
| 14:29 | Queue | Skirmisher |
| 14:32 | Research | Fletching |
| 14:33 | Research | Fletching |
| 14:35 | Build | House |
| 14:36 | Build | Palisade Wall |
| 14:38 | Build | House |
| 14:41 | Build | Lumber Camp |
| 14:41 | Queue | Villager (Male) |
| 14:45 | Build | Farm |
| 14:51 | Queue | Villager (Male) |
| 15:01 | Queue | Skirmisher |
| 15:06 | Queue | Villager (Male) |
| 15:08 | Build | House |
| 15:09 | Build | House |
| 15:12 | Queue | Villager (Male) |
| 15:16 | Queue | Archer |
| 15:21 | Queue | Skirmisher |
| 15:28 | Build | House |
| 15:34 | Build | House |
| 15:37 | Queue | Villager (Male) |
| 15:47 | Research | Padded Archer Armor |
| 15:47 | Research | Padded Archer Armor |
| 16:03 | Queue | Skirmisher |
| 16:03 | Queue | Skirmisher |
| 16:20 | Queue | Skirmisher |
| 16:23 | Queue | Archer |
| 16:24 | Build | Archery Range |
| 16:25 | Queue | Villager (Male) |
| 16:28 | Queue | Skirmisher |
| 16:47 | Queue | Skirmisher |
| 16:48 | Queue | Villager (Male) |
| 16:48 | Queue | Villager (Male) |
| 16:55 | Queue | Skirmisher |
| 16:58 | Queue | Villager (Male) |
| 17:01 | Build | Farm |
| 17:02 | Build | Farm |
| 17:05 | Queue | Spearman |
| 17:07 | Queue | Archer |
| 17:20 | Queue | Archer |
| 17:22 | Queue | Spearman |
| 17:29 | Queue | Spearman |
| 17:34 | Queue | Spearman |
| 17:39 | Queue | Villager (Male) |
| 17:40 | Queue | Skirmisher |
| 17:51 | Queue | Skirmisher |
| 17:59 | Queue | Skirmisher |
| 18:01 | Build | Palisade Wall |
| 18:02 | Build | Palisade Wall |
| 18:08 | Queue | Skirmisher |
| 18:17 | Build | Watch Tower |
| 18:25 | Queue | Skirmisher |
| 18:39 | Queue | Villager (Male) |
| 18:40 | Build | Farm |
| 18:41 | Build | Farm |
| 18:45 | Research | Scale Mail Armor |
| 18:48 | Queue | Villager (Male) |
| 18:52 | Build | Farm |
| 18:53 | Build | Farm |
| 18:55 | Build | Farm |
Match timeline
| 5:08 | [GT]YellowJacket · first_building Barracks |
| 7:20 | _TieuQuy · first_building Barracks |
| 7:34 | [GT]YellowJacket · wall_segment Palisade Wall x1 |
| 8:26 | _TieuQuy · age_up feudal |
| 8:27 | _TieuQuy · first_building Archery Range |
| 8:51 | [GT]YellowJacket · age_up feudal |
| 8:55 | [GT]YellowJacket · first_building Archery Range |
| 9:13 | _TieuQuy · wall_segment Palisade Wall x1 |
| 9:24 | _TieuQuy · wall_segment Palisade Wall x4 |
| 9:37 | _TieuQuy · wall_segment Palisade Wall x1 |
| 9:38 | _TieuQuy · wall_segment Palisade Wall x1 |
| 9:39 | _TieuQuy · wall_segment Palisade Wall x1 |
| 10:05 | _TieuQuy · wall_segment Palisade Wall x1 |
| 11:33 | _TieuQuy · wall_segment Palisade Wall x12 |
| 11:42 | [GT]YellowJacket · wall_segment Palisade Wall x1 |
| 12:29 | _TieuQuy · wall_segment Palisade Wall x1 |
| 12:44 | _TieuQuy · wall_segment Palisade Wall x4 |
| 13:44 | _TieuQuy · first_building Stable |
| 14:10 | _TieuQuy · wall_segment Palisade Wall x7 |
| 14:25 | _TieuQuy · wall_segment Palisade Wall x1 |
| 14:36 | [GT]YellowJacket · wall_segment Palisade Wall x9 |
| 14:53 | _TieuQuy · wall_segment Palisade Wall x15 |
| 15:26 | _TieuQuy · wall_segment Palisade Wall x1 |
| 18:01 | [GT]YellowJacket · wall_segment Palisade Wall x1 |
| 18:02 | [GT]YellowJacket · wall_segment Palisade Wall x1 |
| 20:31 | _TieuQuy · wall_segment Palisade Wall x1 |
| 20:32 | _TieuQuy · wall_segment Palisade Wall x1 |
| 20:32 | _TieuQuy · wall_segment Palisade Wall x1 |
| 20:33 | _TieuQuy · wall_segment Palisade Wall x1 |
| 22:48 | _TieuQuy · first_market_buy 100 food |
| 22:49 | _TieuQuy · first_market_sell 100 wood |
| 23:21 | [GT]YellowJacket · first_market_buy 100 food |
| 23:22 | [GT]YellowJacket · first_market_sell 100 wood |
| 25:05 | [GT]YellowJacket · wall_segment Palisade Wall x1 |
| 25:11 | [GT]YellowJacket · wall_segment Palisade Wall x1 |
| 25:13 | [GT]YellowJacket · wall_segment Palisade Wall x1 |
| 25:29 | _TieuQuy · age_up castle |
| 26:14 | [GT]YellowJacket · age_up castle |
| 26:20 | _TieuQuy · first_building Siege Workshop |
| 31:28 | [GT]YellowJacket · first_building Stable |
| 32:56 | _TieuQuy · first_building Castle |
| 33:21 | [GT]YellowJacket · resign |
[ AI ANALYSIS · 1 CREDIT ]
What really happened in this match?
Wolo.gg analyzes every decision: build order, eco, micro, common mistakes by bracket. Personalized analysis on WhatsApp or Discord in 30 seconds.
Civ guide
Tatars
Perfil
Jugador #2593750